 Dungeon Crawl Stone Soup version 0.30-a0-533-g4794bfbd1c (webtiles) character file.

Game seed: 11384618565264935903

13790 Bnni the Skirmisher (level 12, -16/92 HPs)
             Began as a Formicid Hexslinger on Dec 24, 2022.
             Was a High Priest of Okawaru.
             Demolished by a very large slime creature (55 damage)
             ... on level 12 of the Dungeon.
             The game lasted 00:47:08 (13785 turns).

Bnni the Skirmisher (Formicid Hexslinger)          Turns: 13785, Time: 00:47:09

Health: -16/92     AC: 11    Str: 16    XL:     12   Next: 37%
Magic:  7/21       EV: 12    Int: 15    God:    Okawaru [*****.]
Gold:   1672       SH:  0    Dex: 16    Spells: 10/23 levels left

rFire   . . .      SeeInvis +    a - +5 longbow (freeze)
rCold   . . .      Faith    .    g - orb {light}
rNeg    + . .      Spirit   .    P - +0 leather armour "Peciaski" {rElec rPois Regen+ Stlth-}
rPois   +          Reflect  .    (helmet unavailable)
rElec   +          Harm     .    r - +0 cloak {Stlth+}
rCorr   .          Rampage  .    v - +0 pair of gloves
Will    +....                    C - +0 pair of boots
Stlth   +                        F - amulet of magic regeneration
HPRegen 1.15/turn                q - ring of positive energy
MPRegen 0.57/turn                E - +4 ring of protection

@: portalling projectiles, glowing
A: permanent stasis, dig shafts and tunnels, antennae 3, four strong arms
a: Dig, Shaft Self, Renounce Religion, Heroism, Finesse, Duel


You were on level 12 of the Dungeon.
You worshipped Okawaru.
Okawaru was extremely pleased with you.
You visited 2 branches of the dungeon, and saw 13 of its levels.
You also visited: Bailey.

You collected 1672 gold pieces.

Inventory:

Hand Weapons
 a - a +5 longbow of freezing (weapon)
 o - a +4 dagger of venom
 N - the +5 hand crossbow "Transmigrator" {antimagic, rC+ Will- Str+2}
   (Okawaru gifted it to you on level 9 of the Dungeon)

   It reduces the magical energy of the wielder, and disrupts the spells and
   magical abilities of those it strikes.
   Natural abilities and divine invocations are not affected.
   Str:       It affects your strength (+2).
   rC:        It protects you from cold.
   Will:      It decreases your willpower.
Missiles
 A - 3 throwing nets
 H - a curare-tipped dart
Armour
 g - an orb of light (worn)
 r - a +0 cloak of stealth (worn)
 v - a +0 pair of gloves (worn)
 B - the +7 scale mail of Noon {rPois Int+4}
   (You found it on level 6 of the Dungeon)

   Int:       It affects your intelligence (+4).
   rPois:     It protects you from poison.
 C - a +0 pair of boots (worn)
 L - an orb of mayhem
 P - the +0 leather armour "Peciaski" (worn) {rElec rPois Regen+ Stlth-}
   (You found it on level 10 of the Dungeon)

   rElec:     It insulates you from electricity.
   rPois:     It protects you from poison.
   Regen:     It increases your rate of health regeneration.
   Stlth:     It makes you less stealthy.
 Q - +0 acid dragon scales
Jewellery
 q - a ring of positive energy (left hand)
 x - a ring of flight
 E - a +4 ring of protection (right hand)
 F - an amulet of magic regeneration (around neck)
 J - a ring of positive energy
Wands
 c - a wand of polymorph (6)
 u - a wand of iceblast (9)
 y - a wand of paralysis (7)
 D - a wand of flame (17)
Scrolls
 b - a scroll of poison
 d - 5 scrolls of amnesia
 i - 2 scrolls of vulnerability {unknown}
 m - a scroll of magic mapping
 n - 2 scrolls of brand weapon {unknown}
 s - 2 scrolls of fear
 z - 3 scrolls of immolation
 G - a scroll of torment {unknown}
 M - 2 scrolls of enchant weapon {unknown}
 O - a scroll of enchant armour {unknown}
Potions
 e - 2 potions of flight
 f - a potion of brilliance
 h - 3 potions of curing
 k - a potion of might {unknown}
 l - 2 potions of lignification
 p - a potion of ambrosia
 t - a potion of magic
 w - 3 potions of attraction {unknown}
 I - a potion of heal wounds
 K - 3 potions of mutation {unknown}


   Skills:
 + Level 7.8 Fighting
 * Level 10.2 Ranged Weapons
 + Level 6.9 Armour
 - Level 1.7 Dodging
 - Level 6.0 Spellcasting
 - Level 10.0 Hexes
 - Level 3.0 Translocations
 - Level 3.0 Transmutations
 - Level 3.0 Fire Magic
 * Level 8.8 Invocations


You had 10 spell levels left.
You knew the following spells:

 Your Spells              Type           Power      Damage    Failure   Level
a - Slow                  Hex            100%       N/A       1%          1
b - Inner Flame           Hex/Fire       24%        N/A       3%          3
c - Portal Projectile     Hex/Tloc       48%        N/A       3%          3
d - Cause Fear            Hex            17%        N/A       2%          4
w - Wereblood             Tmut           13%        N/A       8%          2

Your spell library contained the following spells:

 Spells                   Type           Power      Damage    Failure   Level
 Confusing Touch          Hex            34%        N/A       1%          3
 Beastly Appendage        Tmut           26%        N/A       4%          1
 Momentum Strike          Conj/Tloc      18%        3d8       14%         2
 Gell's Gravitas          Tloc           13%        N/A       16%         3
 Lesser Beckoning         Tloc           26%        N/A       16%         3
 Teleport Other           Tloc           13%        N/A       16%         3
 Kiss of Death            Conj/Necr      16%        2d6       17%         1
 Magic Dart               Conj           16%        1d3       17%         1
 Ignite Poison            Fire/Tmut/Pois 10%        N/A       22%         3
 Kindle Blastsparks       Fire/Tloc/Air  20%        2d11      22%         3
 Fulminant Prism          Conj/Hex       9%         3d6       22%         4
 Searing Ray              Conj           8%         2d4       26%         2
 Sublimation of Blood     Necr           4%         N/A       26%         2
 Spider Form              Tmut/Pois      9%         N/A       28%         3
 Hailstorm                Conj/Ice       4%         3d4       45%         3
 Flame Wave               Conj/Fire      9%         2d6       67%         4
 Ice Form                 Ice/Tmut       9%         N/A       67%         4
 Petrify                  Tmut/Erth      9%         N/A       67%         4
 Sticky Flame             Conj/Fire      9%         2d3       67%         4
 Dispel Undead            Necr           4%         3d7       86%         4
 Irradiate                Conj/Tmut      4%         3d13      95%         5
 Freezing Cloud           Conj/Ice/Air   2%         6-21      99%         5
 Dispersal                Tloc           6%         N/A       100%        6
 Death's Door             Necr           2%         N/A       100%        9
 Blink                    Tloc           Unusable   N/A       N/A         2
 Simulacrum               Ice/Necr       Unusable   N/A       N/A         6
 Haunt                    Necr/Summ      Unusable   N/A       N/A         7

Dungeon Overview and Level Annotations

Branches:
Dungeon (12/15)            Temple (1/1) D:6            Lair (0/5) D:10
    Orc (0/2) D:10         Bailey (visited)

Altars:
Ashenzari
Cheibriados
Dithmenos
Elyvilon
Fedhas
Gozag
Hepliaklqana
Kikubaaqudgha
Makhleb
Nemelex Xobeh
Okawaru
Ru
Sif Muna
Trog
Uskayaw
Vehumet
Wu Jian
Xom
Yredelemnul
Zin
The Shining One


Innate Abilities, Weirdness & Mutations

You cannot be hasted, slowed, berserked, paralysed or teleported.
You can dig through walls and to a lower floor.
You have a pair of large antennae on your head. (SInv)
Your four strong arms can wield two-handed weapons with a shield.


Message History

Unknown command.
You magically shoot an arrow.
The arrow hits the very large slime creature!
Flame seeps out of the very large slime creature.
The arrow freezes the very large slime creature.
Flame seeps out of the very large slime creature.
The very large slime creature is moderately wounded.
You magically shoot an arrow.
The arrow hits the very large slime creature!
Flame seeps out of the very large slime creature.
The arrow freezes the very large slime creature.
Flame seeps out of the very large slime creature.
The very large slime creature is heavily wounded.
The very large slime creature is engulfed in blazing flames.
Flame seeps out of the very large slime creature.
The very large slime creature hits you!!!
Ouch! That really hurt!
Casting: Portal Projectile (mildly dangerous; 3% risk of failure)
Confirm with . or Enter, or press ? or * to list all spells.
Casting: Cause Fear (dangerous; 2% risk of failure)
Press: ? - help, Dir - look around, f - activate The vampire mosquito is unaffected. x2
The very large slime creature resists with almost no effort.
The very large slime creature is engulfed in blazing flames.
Flame seeps out of the very large slime creature.
The very large slime creature closely misses you.
Unknown command.
Okay, then.
Okay, then.
Casting: Cause Fear (dangerous; 2% risk of failure)
Confirm with . or Enter, or press ? or * to list all spells.
Aiming: Slow (safe; 1% risk of failure)
Press: ? - help, Shift-Dir - straight line, f - very large slime creature
Aim: a very large slime creature (severely wounded, inner flame, haloed, chance to affect: 38%)
The very large slime creature seems to slow down.
Your magical contamination has completely faded away.
There is a stone staircase leading up here.
The very large slime creature hits you!!!
Ouch! That really hurt!
You die...

### #@#
#J# #y#
.y. .....
#......
#....)..
#........
#........#


You could see a very large slime creature (inner flame, slow) and 2 vampire
mosquitoes.

Vanquished Creatures
  A boulder beetle (D:11)
  A centaur warrior (D:9)
  2 two-headed ogres
  2 orc high priests (Bailey)
  Pikel (D:6)
  3 orc knights
  A gargoyle (D:11)
  An unseen horror (D:11)
  A kobold demonologist (D:11)
  A freezing wraith (D:9)
  2 trolls (D:11)
  Prince Ribbit (D:5)
  A hornet (D:9)
  A wraith (D:10)
  A shadow (D:11)
  2 wyverns
  2 yaks (D:8)
  A vampire mosquito (D:9)
  Menkaure (D:6)
  An acid dragon (D:11)
  2 water moccasins (D:6)
  A sky beast (D:8)
  3 ice beasts
  16 orc warriors
  5 centaurs
  2 lemures (D:7)
  3 kobold brigands
  6 bullfrogs
  4 gnoll sergeants
  2 necrophages
  A scorpion (D:7)
  11 wights
  6 killer bees (D:9)
  5 electric eels (Bailey)
  A hound (D:7)
  8 orc priests
  2 jellies
  2 iguanas (D:5)
  6 orc wizards
  24 gnolls
  6 adders
  A white imp (D:6)
  An ufetubus (D:6)
  A worm (D:2)
  3 dart slugs
  60 orcs
  4 endoplasms
  A giant cockroach (D:3)
  17 goblins
  9 hobgoblins
  3 quokkas
  5 ball pythons
  5 bats
  3 frilled lizards (D:1)
  19 kobolds
  3 rats
278 creatures vanquished.

Vanquished Creatures (others)
  A jelly (D:7)
1 creature vanquished.

Grand Total: 279 creatures vanquished

Notes
Turn   | Place    | Note
-------+----------+-------------------------------------------
     0 | D:1      | Bnni the Formicid Hexslinger began the quest for the Orb.
     0 | D:1      | Reached XP level 1. HP: 15/15 MP: 2/2
    72 | D:1      | Found a faded altar of an unknown god.
    72 | D:1      | Noticed a red devil
   258 | D:1      | Reached XP level 2. HP: 21/21 MP: 3/3
   743 | D:2      | Reached XP level 3. HP: 26/26 MP: 5/5
   747 | D:2      | Learned a level 3 spell: Inner Flame
  1524 | D:3      | Found a sparkling altar of Nemelex Xobeh.
  1787 | D:3      | Reached XP level 4. HP: 31/33 MP: 6/6
  1941 | D:3      | Reached skill level 1 in Fire Magic
  1961 | D:3      | Reached XP level 5. HP: 20/38 MP: 3/8
  2018 | D:3      | Learned a level 4 spell: Cause Fear
  2703 | D:4      | Identified a scroll of acquirement
  2704 | D:4      | Acquired 895 gold pieces
  3104 | D:4      | Reached XP level 6. HP: 34/46 MP: 9/9
  3192 | D:5      | Entered Level 5 of the Dungeon
  3207 | D:5      | Noticed Prince Ribbit
  3222 | D:5      | Killed Prince Ribbit
  3223 | D:5      | Reached skill level 5 in Hexes
  3223 | D:5      | Reached skill level 1 in Transmutations
  3223 | D:5      | Reached XP level 7. HP: 13/51 MP: 2/10
  3359 | D:5      | Learned a level 2 spell: Wereblood
  3621 | D:5      | HP: 1/52 [ice beast (11)]
  3699 | D:5      | Found an ancient bone altar of Kikubaaqudgha.
  3728 | D:5      | Found a hazy altar of Hepliaklqana.
  4030 | D:6      | Noticed a water moccasin
  4034 | D:6      | Killed a water moccasin
  4086 | D:6      | Reached XP level 8. HP: 58/58 MP: 5/12
  4210 | D:6      | Identified the +7 scale mail of Noon {rPois Int+4}
  4474 | D:6      | Found a staircase to the Ecumenical Temple.
  4493 | D:6      | Noticed Menkaure
  4499 | D:6      | Killed Menkaure
  4559 | D:6      | Reached skill level 5 in Ranged Weapons
  4559 | D:6      | Reached skill level 1 in Armour
  4563 | Temple   | Entered the Ecumenical Temple
  4681 | Temple   | Became a worshipper of Warmaster Okawaru
  4944 | D:6      | Found a bloodstained altar of Trog.
  5587 | D:7      | Found a snail-covered altar of Cheibriados.
  5870 | D:7      | Reached XP level 9. HP: 46/65 MP: 10/14
  6020 | D:7      | Reached * piety under Okawaru
  6353 | D:7      | Found an opulent altar of Gozag.
  6412 | D:7      | Noticed Pikel
  6630 | D:6      | Killed Pikel
  6630 | D:6      | Reached ** piety under Okawaru
  6631 | D:6      | Reached skill level 1 in Invocations
  7080 | D:8      | Found a flagged portal.
  7089 | Bailey   | Entered a bailey
  7123 | Bailey   | Noticed an orc knight
  7210 | Bailey   | Reached skill level 5 in Fighting
  7246 | Bailey   | Killed an orc knight
  7247 | Bailey   | Reached XP level 10. HP: 74/74 MP: 15/17
  7582 | Bailey   | Reached *** piety under Okawaru
  7672 | Bailey   | Noticed an orc knight
  7773 | Bailey   | Reached skill level 5 in Spellcasting
  7796 | Bailey   | Killed an orc knight
  7973 | Bailey   | Reached **** piety under Okawaru
  7995 | Bailey   | Learned a level 3 spell: Portal Projectile
  8180 | Bailey   | Noticed an orc high priest
  8208 | Bailey   | Killed an orc high priest
  8348 | Bailey   | Identified the +4 glaive of Massacring {venom, Str-2 Int+4
                  | Dex+3}
  8348 | Bailey   | Identified the +4 scale mail of Eternal Vigilance {Harm
                  | *Corrode Dex+3 Stlth+}
  8411 | Bailey   | Identified the +1 ring mail of the Playwright {rElec rN+
                  | Will+}
  8411 | Bailey   | Noticed an orc high priest
  8424 | Bailey   | Killed an orc high priest
  8425 | Bailey   | Reached skill level 1 in Translocations
  8534 | Bailey   | Found an iron altar of Okawaru.
  8570 | Bailey   | Got the Vellum of Envenoming and Wicked Arts
  8766 | D:8      | Reached XP level 11. HP: 74/81 MP: 19/19
  8939 | D:8      | Reached skill level 5 in Armour
  9123 | D:8      | Reached skill level 10 in Hexes
  9123 | D:8      | Reached skill level 5 in Invocations
  9486 | D:8      | Found a glowing silver altar of Zin.
  9693 | D:9      | Acquired a +5 longbow of freezing
 10021 | D:9      | Reached ***** piety under Okawaru
 10266 | D:9      | Found a white marble altar of Elyvilon.
 10355 | D:9      | Noticed a centaur warrior
 10360 | D:9      | Killed a centaur warrior
 10360 | D:9      | Identified the +5 hand crossbow "Transmigrator" {antimagic,
                  | rC+ Will- Str+2} (Okawaru gifted it to you on level 9 of
                  | the Dungeon)
 10360 | D:9      | Received a gift from Okawaru
 10360 | D:9      | Noticed a centaur warrior
 10363 | D:9      | Noticed a two-headed ogre
 10635 | D:9      | Found a basalt altar of Yredelemnul.
 10678 | D:9      | Found a glowing golden altar of the Shining One.
 10738 | D:9      | Identified the +8 mace "Ogre's Death" {freeze, rF+ Str+4
                  | Dex-5}
 10943 | D:9      | Killed a two-headed ogre
 11191 | D:10     | Entered Level 10 of the Dungeon
 11559 | D:10     | Found a staircase to the Orcish Mines.
 11559 | D:10     | Noticed an orc knight
 11588 | D:10     | Killed an orc knight
 11732 | D:10     | Found an ornate altar of the Wu Jian Council.
 11890 | D:10     | Identified the +0 leather armour "Peciaski" {rElec rPois
                  | Regen+ Stlth-}
 12040 | D:10     | Found a staircase to the Lair.
 12300 | D:10     | Found a blossoming altar of Fedhas.
 12344 | D:11     | Noticed a boulder beetle
 12370 | D:11     | Noticed a two-headed ogre
 12375 | D:11     | Killed a two-headed ogre
 12376 | D:11     | Reached XP level 12. HP: 89/91 MP: 12/21
 12383 | D:11     | Killed a boulder beetle
 12647 | D:11     | HP: 4/91 [centaur/arrow (8)]
 12839 | D:11     | Reached skill level 10 in Ranged Weapons
 13785 | D:12     | Demolished by a very large slime creature

Illustrated notes

Levels and vault maps discovered:
D:1:      mrwooster_arrival_statue, layout_loops_cross,
          dreamdust_ecumenical_altar_sealed_demon
D:2:      layout_loops_ring, serial_glass, glass_columns_a, glass_columns_c
D:3:      layout_loops_corners, mainiacjoe_overflow_six_doors_small,
          grunt_ministairs_12
D:4:      layout_basic, nrook_loot_triangle
D:5:      layout_rooms, mainiacjoe_overflow_two_lobes, wad_floor_pattern_2,
          uniq_prince_ribbit1
D:6:      layout_loops_ring, lightli_temple_of_fire,
          minmay_temple_entry_junction_2, nicolae_zen_rock_garden,
          minmay_misc_feat_chi, kennysheep_generic_room_12, uniq_menkaure
D:7:      layout_basic, overflow_temple_1_default, grunt_gozag_statues,
          kennysheep_generic_room_16, uniq_pikel
D:8:      minmay_recursive_quarters, layout_loops_cross,
          mainiacjoe_overflow_cross_hatched, enter_bailey_6
D:9:      layout_loops_ring, kennysheep_ying_yang, tso_altar,
          minmay_fractal_squares_gapless_7
D:10:     layout_loops_ring, lemuel_round_altar, mainiacjoe_overflow_chevrons,
          lair_entry_dummy, david_orc_5
D:11:     layout_basic
D:12:     layout_basic, nicolae_splish_splash, uniq_kirke
Temple:   nicolae_temple_bog_church

Skill      XL: |  1  2  3  4  5  6  7  8  9 10 11 12 |
---------------+-------------------------------------+-----
Hexes          | 4 5 6 7 8 9 10 | 10.0
Fire Magic     | 1 2 3 |  3.0
Fighting       | 2 3 4 5 6 7 |  7.8
Spellcasting   | 2 3 4 5 6 |  6.0
Ranged Weapons | 3 4 5 6 8 9 10 | 10.2
Transmutations | 1 2 3 |  3.0
Armour         | 1 3 4 6 |  6.9
Invocations    | 2 4 7 8 |  8.8
Translocations | 1 3 |  3.0
Dodging        | |  1.7

Action                   |  1- 3 |  4- 6 |  7- 9 | 10-12 || total
-------------------------+-------+-------+-------+-------++-------
 Fire: Sling             |   101 |    86 |   428 |   388 ||  1003
       Longbow           |       |       |       |   274 ||   274
       Shortbow          |       |       |       |    12 ||    12
 Cast: Slow              |     1 |     4 |    31 |    36 ||    72
       Inner Flame       |       |     2 |    13 |    28 ||    43
       Wereblood         |       |       |     6 |    19 ||    25
       Cause Fear        |       |       |     1 |    12 ||    13
       Portal Projectile |       |       |       |     1 ||     1
Invok: Heroism           |       |       |       |     3 ||     3
 Abil: Dig               |       |       |     2 |     2 ||     4
  Use: Scroll            |       |     8 |     3 |     8 ||    19
       Potion            |       |       |     2 |     2 ||     4
Armor: Robe              |     5 |     9 |     7 |       ||    21
       Scale mail        |       |       |   152 |       ||   152
       Ring mail         |       |       |    10 |    94 ||   104
       Leather armour    |       |       |       |    36 ||    36
Dodge: Dodged            |    20 |    30 |   117 |   233 ||   400

Table legend: (Time is in decaauts)
 A = Elapsed time spent in this place.
 B = Non-inter-level travel time spent in this place.
 C = Inter-level travel time spent in this place.
 D = Time resting spent in this place.
 E = Time spent auto-exploring this place.
 F = Levels seen in this place.
 G = Mean time per level.
                   A        B        C        D        E       F      G
               +--------+--------+--------+--------+--------+-----+--------+
         Total |  14069 |  13422 |    647 |   1517 |   8664 |  14 | 1004.9 |
       Dungeon |  12310 |  11695 |    615 |   1075 |   8201 |  12 | 1025.8 |
        Temple |    138 |    106 |     32 |      0 |     98 |   1 |  138.0 |
        Bailey |   1620 |   1620 |      0 |    442 |    365 |   1 | 1620.0 |
               +--------+--------+--------+--------+--------+-----+--------+

Top non-repeatable levels by time:
     D:9: 1889 daAuts
     D:6: 1762 daAuts
  Bailey: 1620 daAuts
    D:11: 1419 daAuts
     D:8: 1177 daAuts
     D:7: 1086 daAuts
     D:3: 1027 daAuts
    D:10: 914 daAuts
     D:4: 852 daAuts
     D:5: 805 daAuts
     D:1: 692 daAuts
     D:2: 667 daAuts
  Temple: 138 daAuts
    D:12: 14 daAuts
